 Dungeon Crawl Stone Soup version 0.19.1-1-g22dce08 (webtiles) character file.

1229 mosobo the Cudgeler (level 8, -1/73 HPs)
             Began as a Deep Dwarf Berserker on Jan 2, 2017.
             Was a Priest of Trog.
             Killed from afar by Blork the orc (3 damage)
             ... with a wand of flame
             ... on level 5 of the Dungeon.
             The game lasted 00:33:09 (5413 turns).

mosobo the Cudgeler (Deep Dwarf Berserker)          Turns: 5413, Time: 00:33:10

Health: -1/73      AC:  9    Str: 30    XL:     8   Next: 24%
Magic:  0/9        EV: 14    Int: 12    God:    Trog [***...]
Gold:   221        SH:  0    Dex: 13    Spells: 0 memorised, 7 levels left

rFire  . . .     SeeInvis .     I - +1 scythe
rCold  . . .     Gourm    .     u - +0 ring mail
rNeg   . . .     Faith    .     (shield currently unavailable)
rPois  .         Spirit   +     G - +0 helmet {Int+3}
rElec  .         Reflect  .     (no cloak)
rCorr  .         Harm     .     w - +0 pair of gloves
MR     +....                    r - +0 pair of boots
Stlth  +.........               p - amulet of guardian spirit
                                C - +5 ring of strength
                                K - +4 ring of strength

@: non-regenerating
A: damage resistance, recharge devices, sense surroundings 1, slow regeneration
3
a: Device Recharging, Berserk, Trog's Hand, Burn Spellbooks, Renounce Religion


You were on level 5 of the Dungeon.
You worshipped Trog.
Trog was most pleased with you.
You were hungry.

You visited 1 branch of the dungeon, and saw 5 of its levels.

You collected 221 gold pieces.

Inventory:

Hand Weapons
 a - a +0 mace
 e - a +0 hunting sling
 g - a cursed +0 dagger
 l - a +0 short sword
 o - a +0 club
 E - a +0 mace of protection
 I - a +1 scythe (weapon)
Missiles
 f - 41 poisoned needles
 m - 214 stones (quivered)
Armour
 b - a +0 animal skin
 r - a +0 pair of boots (worn)
 u - a +0 ring mail (worn)
 w - a +0 pair of gloves (worn)
 x - a +0 helmet
 y - a +0 pair of boots
 F - a +0 robe
 G - a +0 helmet of intelligence (worn)
 L - a +0 pair of gloves
Jewellery
 p - an amulet of guardian spirit (around neck)
 C - a +5 ring of strength (right hand)
 D - an uncursed ring of positive energy
 K - a +4 ring of strength (left hand)
Wands
 c - a wand of heal wounds (0/9)
 k - a wand of paralysis (1/24)
 z - a wand of lightning (5/15)
Scrolls
 i - a scroll of magic mapping
 t - 2 scrolls of amnesia
 J - a scroll of teleportation
Potions
 d - a potion of beneficial mutation {unknown}
 n - 2 potions of degeneration
 s - 2 potions of cure mutation
 H - a potion of curing
Books
 A - a book of Cantrips

   Spells                             Type                      Level
   a - Confusing Touch                Hexes                        1
   b - Animate Skeleton               Necromancy                   1
   c - Summon Small Mammal            Summoning                    1
   d - Apportation                    Translocation                1
   Trog disapproves of the use of such an item.
Comestibles
 h - 5 fruits
 q - a meat ration
 v - 2 beef jerkies
 B - 2 bread rations


   Skills:
 + Level 4.6 Fighting
 + Level 6.6 Maces & Flails
 + Level 5.2 Armour
 + Level 5.2 Dodging
 + Level 2.4 Stealth
 + Level 1.3 Evocations


You had 7 spell levels left.
You didn't know any spells.

Dungeon Overview and Level Annotations

Branches:
Dungeon (5/15)             Temple (0/1) D:4

Altars:
Ru
Xom

Annotations:
D:5 Blork the orc


Innate Abilities, Weirdness & Mutations

You are resistant to damage.
You can recharge devices by infusing magical energy.
You passively map a small area around you.
You do not regenerate.


Message History

* * * LOW HITPOINT WARNING * * *
You see here an arrow.
The centaur shoots an arrow.
The arrow hits you.
You see here an arrow.
The centaur shoots an arrow.
The arrow hits you but does no damage.
The centaur shoots an arrow.
The arrow barely misses you.
You see here an arrow.
The centaur shoots an arrow.
The arrow hits you!
* * * LOW HITPOINT WARNING * * *
You see here an arrow.
The centaur shoots an arrow.
The arrow hits you.
* * * LOW HITPOINT WARNING * * *
You see here an arrow.
The centaur unwields an uncursed shortbow.
The centaur misses you. The centaur closely misses you.
Your ring mail prevents you from hitting the centaur.
The centaur barely misses you. The centaur hits you!
* * * LOW HITPOINT WARNING * * *
Blork the orc zaps a wand.
The puff of flame hits you!
You die...

*#.......<...#.#,,,*,
#..........##.#.,,,,
#######o........,>**
#.......#.,,*
#######....##.#,,,*
#<.........##.######
#######.###............#
#....##...#o......####.#
#.....c@((.(..###.# #.#
#.##.####((...# #.####.#
#.##.######.(####.#.....
#.#...............####.#
###.#..#################.#
#.....## #........#
####### ##########


You could see Blork the orc and a centaur.

Vanquished Creatures
  Prince Ribbit (D:5)
  Sigmund (D:5)
  A steam dragon (D:4)
  A sky beast (D:5)
  2 scorpions (D:4)
  A crimson imp (D:5)
  A hound (D:5)
  An orc priest (D:4)
  4 orc wizards
  Jessica (D:2)
  A bullfrog skeleton (D:5)
  Ijyb (D:4)
  An iguana (D:4)
  3 worker ants
  A killer bee zombie (D:4)
  A howler monkey zombie (D:5)
  4 gnolls (D:5)
  2 adders (D:2)
  An ooze (D:3)
  4 dart slugs
  2 leopard geckos
  12 orcs
  2 ball pythons
  3 giant cockroaches
  13 goblins
  7 hobgoblins
  5 kobolds
  A quokka (D:2)
  2 bats
  6 frilled lizards
  A jackal skeleton (D:5)
  5 rats
92 creatures vanquished.

Vanquished Creatures (others)
  A scorpion (D:4)
  A hound (D:4)
  A leopard gecko skeleton (D:4)
3 creatures vanquished.

Grand Total: 95 creatures vanquished

Notes
Turn   | Place    | Note
-------+----------+-------------------------------------------
     0 | D:1      | mosobo the Deep Dwarf Berserker began the quest for the Orb.
     0 | D:1      | Reached XP level 1. HP: 20/20 MP: 1/1
   318 | D:1      | Reached XP level 2. HP: 14/27 MP: 2/2
  1473 | D:1      | Reached skill level 1 in Stealth
  2228 | D:2      | Reached XP level 3. HP: 13/34 MP: 3/3
  2612 | D:2      | Noticed Jessica
  2618 | D:2      | Killed Jessica
  2618 | D:2      | Reached XP level 4. HP: 39/42 MP: 2/4
  3029 | D:3      | Reached skill level 4 in Maces & Flails
  3057 | D:3      | Found a sacrificial altar of Ru.
  3123 | D:3      | Reached ** piety under Trog
  3745 | D:4      | Reached XP level 5. HP: 24/50 MP: 2/5
  3841 | D:4      | Found a staircase to the Ecumenical Temple.
  4017 | D:4      | Noticed a steam dragon
  4024 | D:4      | Killed a steam dragon
  4024 | D:4      | Reached XP level 6. HP: 23/57 MP: 0/6
  4025 | D:4      | Noticed Ijyb
  4048 | D:4      | Killed Ijyb
  4055 | D:4      | Reached skill level 5 in Maces & Flails
  4220 | D:4      | Found a shimmering altar of Xom.
  4548 | D:4      | Reached XP level 7. HP: 18/64 MP: 0/7
  4735 | D:5      | Entered Level 5 of the Dungeon
  4796 | D:5      | Noticed Prince Ribbit
  4837 | D:5      | Killed Prince Ribbit
  4837 | D:5      | Reached skill level 1 in Evocations
  4903 | D:5      | Reached skill level 6 in Maces & Flails
  5019 | D:5      | Noticed Sigmund
  5035 | D:5      | Killed Sigmund
  5035 | D:5      | Reached *** piety under Trog
  5035 | D:5      | Reached skill level 5 in Dodging
  5035 | D:5      | Reached XP level 8. HP: 16/73 MP: 6/9
  5188 | D:5      | Reached skill level 5 in Armour
  5298 | D:5      | Noticed Blork the orc
  5413 | D:5      | HP: 2/73 [centaur (3)]
  5413 | D:5      | Killed from afar by Blork the orc

Skill      XL: |  1  2  3  4  5  6  7  8 |
---------------+-------------------------+-----
Stealth        | 1 2 |  2.4
Fighting       | 3 4 |  4.6
Maces & Flails | 4 5 6 |  6.6
Dodging        | 3 4 5 |  5.2
Armour         | 3 4 5 |  5.2
Evocations     | 1 |  1.3

Action                   |  1- 3 |  4- 6 |  7- 9 || total
-------------------------+-------+-------+-------++-------
Melee: Mace              |    87 |   183 |   114 ||   384
       Scythe            |       |       |     1 ||     1
Invok: Berserk           |       |     1 |     1 ||     2
Evoke: Wand              |     1 |     3 |     3 ||     7
  Use: Potion            |     5 |     3 |     3 ||    11
       Scroll            |       |     3 |     6 ||     9
 Stab: Sleeping          |     2 |       |       ||     2
  Eat: Bread ration      |     1 |       |       ||     1
       Chunk             |       |     5 |     1 ||     6
       Fruit             |       |     1 |     3 ||     4
       Royal jelly       |       |     1 |       ||     1
Armor: Animal skin       |    15 |       |       ||    15
       Ring mail         |     4 |    94 |    68 ||   166
Dodge: Dodged            |    61 |   163 |    80 ||   304
